 Dungeon Crawl Stone Soup version 0.28-a0-653-g7e9dba17c3 (webtiles) character file.

Game seed: 6584247754178834235

3889 ytrimaz the Protected (level 10, -2/126 HPs)
             Began as a Minotaur Fighter on Oct 12, 2021.
             Was a Follower of the Shining One.
             Slain by a soul eater (9 damage)
             ... summoned by a kobold demonologist
             ... in a bailey.
             The game lasted 00:15:33 (9387 turns).

ytrimaz the Protected (Minotaur Fighter)            Turns: 9387, Time: 00:15:35

Health: -2/126     AC: 25    Str: 25    XL:     10   Next: 0%
Magic:  9/9        EV:  2    Int:  5    God:    the Shining One [*.....]
Gold:   235        SH: 17    Dex:  9    Spells: 9/9 levels left

rFire   + . .      SeeInvis +   a - +0 war axe (freeze)
rCold   . . .      Faith    .   n - +3 tower shield
rNeg    . . .      Spirit   .   (armour currently unavailable)
rPois   +          Reflect  .   (helmet currently unavailable)
rElec   .          Harm     .   (cloak currently unavailable)
rCorr   .          Rampage  .   (gloves currently unavailable)
Will    .....      NoTele   +   (boots currently unavailable)
Stlth   +.........              c - amulet of magic regeneration
HPRegen 0.31/turn               l - ring of protection from fire
MPRegen 0.36/turn               k - ring of see invisible

@: tree-form, glowing
A: stationary, stasis, torment immunity, boosted hp, (horns 2), (retaliatory
headbutt)
a: Renounce Religion


You were in a bailey.
You worshipped the Shining One.
The Shining One was aware of your devotion.
You were a tree.
You visited 2 branches of the dungeon, and saw 9 of its levels.
You also visited: Bailey.

You collected 334 gold pieces.
You spent 99 gold pieces at shops.

Inventory:

Hand Weapons
 a - a +0 war axe of freezing (weapon)
 u - a +1 vorpal hand axe
Missiles
 b - 56 poisoned darts (quivered)
 v - 5 curare-tipped darts
Armour
 e - a +0 plate armour (melded)
 n - a +3 tower shield (worn)
Jewellery
 c - an amulet of magic regeneration (around neck)
 k - a ring of see invisible (right branch)
 l - a ring of protection from fire (left branch)
Wands
 h - a wand of paralysis (12)
Scrolls
 f - a scroll of fog
 g - 2 scrolls of identify
 i - a scroll of teleportation
 m - 2 scrolls of noise
 o - a scroll of immolation
 q - a scroll of amnesia
Potions
 d - 2 potions of curing
 j - 2 potions of flight
 r - 2 potions of magic
 t - 2 potions of lignification


   Skills:
 + Level 6.4 Fighting
 + Level 9.5 Axes
 * Level 5.6 Throwing
 * Level 9.9 Armour
 + Level 8.0 Shields


You had 9 spell levels left.
You didn't know any spells.
Your spell library contained the following spells:

 Spells                   Type           Power      Damage    Failure   Level
 Freeze                   Ice            0%         1d3       99%         1
 Ensorcelled Hibernation  Hex/Ice        0%         N/A       100%        2
 Sublimation of Blood     Necr           0%         N/A       100%        2
 Wereblood                Tmut           0%         N/A       100%        2
 Conjure Flame            Conj/Fire      0%         6-21      100%        3
 Frozen Ramparts          Ice            0%         1d2       100%        3
 Ignite Poison            Fire/Tmut/Pois 0%         N/A       100%        3
 Ozocubu's Armour         Ice            0%         N/A       100%        3
 Tukima's Dance           Hex            0%         N/A       100%        3
 Hailstorm                Conj/Ice       0%         3d3       100%        4
 Sticky Flame             Conj/Fire      0%         2d3       100%        4
 Metabolic Englaciation   Hex/Ice        0%         N/A       100%        5
 Simulacrum               Ice/Necr       0%         N/A       100%        6
 Summon Hydra             Summ           0%         N/A       100%        7


Dungeon Overview and Level Annotations

Branches:
Dungeon (8/15)             Temple (1/1) D:5          Bailey (1/1)
   Lair: D:8-11

Altars:
Ashenzari
Cheibriados
Dithmenos
Elyvilon
Fedhas
Gozag
Hepliaklqana
Kikubaaqudgha
Makhleb
Nemelex Xobeh
Okawaru
Qazlal
Ru
Sif Muna
Trog
Uskayaw
Vehumet
Wu Jian
Xom
Yredelemnul
The Shining One

Shops:
D:1 [   D:2 *


Innate Abilities, Weirdness & Mutations

You are a tree.
Your roots penetrate the ground, keeping you stationary.
You cannot be teleported.
You are immune to unholy pain and torment.
Your maximum health is greatly increased.
Your equipment is partially melded.
((You have a pair of horns on your head.))
((You reflexively headbutt those who attack you in melee.))


Message History

You hit the kobold demonologist. You freeze the kobold demonologist.
You block the sixfirhy's attack. x2; You block the sun demon's attack.
The kobold demonologist barely misses you.
The sixfirhy hits you. The sixfirhy shocks you!
* * * LOW HITPOINT WARNING * * *
The kobold demonologist barely misses you.
You furiously retaliate!
You headbutt the kobold demonologist. The ynoxinul barely misses you.
The sun demon hits you!
* * * LOW HITPOINT WARNING * * *
You are engulfed in flames.
You resist.
* * * LOW HITPOINT WARNING * * *
The kobold demonologist hits you but does no damage.
The soul eater hits you but does no damage.
Unknown command.
Really quaff the potion of lignification?
Okay, then.
You feel better. The sixfirhy hits you.
* * * LOW HITPOINT WARNING * * *
The sixfirhy shocks you!
* * * LOW HITPOINT WARNING * * *
You block the sixfirhy's attack. The sixfirhy barely misses you.
The sun demon hits you but does no damage.
The kobold demonologist closely misses you.
You furiously retaliate!
You headbutt the kobold demonologist, but do no damage.
You block the ynoxinul's attack.
You block the kobold demonologist's attack.
The soul eater draws from the surrounding life force!
The Shining One protects you from harm!
The soul eater is healed.
Okay, then.
Really quaff the potion of lignification?
You turn into a tree.
Your +0 plate armour melds into your body.
Your roots penetrate the ground.
You block the sun demon's attack.
You block the kobold demonologist's attack.
The ynoxinul hits you but does no damage.
The kobold demonologist hits you but does no damage.
The soul eater hits you!
You die...

≈≈≈≈≈≈≈≈...≈≈≈≈≈≈
≈≈≈≈≈≈≈≈...≈≈≈≈≈≈
≈≈≈≈≈≈≈≈...≈≈≈≈≈≈
####≈≈≈≈...≈≈≈≈##
#...........#
#####)''#####
+.))5o5..#
+...3KKo.#
#..43♣#4.####
#...33#.....#
#.....#...8.#
#######.o...#
###.8.#
.......K..#
..o.og.K8.#
._K.......+
.oK....#+##


You could see a soul eater (summoned), a sun demon (summoned), an ice devil
(summoned), 2 kobold demonologists, a sixfirhy (summoned), a ynoxinul
(summoned), an orc warrior, 2 white imps and an orc.

Vanquished Creatures
  A cyclops (D:6)
  Maggie (D:7)
  Sigmund (D:4)
  3 ice beasts
  3 sky beasts
  3 orc warriors
  2 necrophages
  3 ogres
  3 centaurs
  2 phantoms
  2 bullfrogs (D:7)
  2 scorpions
  4 howler monkeys
  A bullfrog zombie (D:5)
  3 jellies (D:4)
  3 hounds
  2 centaur zombies
  2 orc priests
  2 centaur skeletons
  2 bullfrog skeletons
  A gnoll shaman (D:8)
  5 iguanas
  7 orc wizards
  5 gnolls
  6 adders
  A white imp (D:6)
  An ufetubus (D:5)
  3 worms
  2 dart slugs
  30 orcs
  9 bats
  12 endoplasms
  4 giant cockroaches
  14 goblins
  11 hobgoblins
  4 jackals
  14 kobolds
  3 quokkas
  10 ball pythons
  2 frilled lizards
  2 quokka skeletons (D:4)
  10 rats
201 creatures vanquished.

Vanquished Creatures (others)
  A necrophage (D:7)
  4 fungi (D:4)
  10 toadstools (D:4)
15 creatures vanquished.

Grand Total: 216 creatures vanquished

Notes
Turn   | Place    | Note
-------+----------+-------------------------------------------
     0 | D:1      | ytrimaz the Minotaur Fighter began the quest for the Orb.
     0 | D:1      | Reached XP level 1. HP: 19/19 MP: 0/0
   181 | D:1      | Found a faded altar of an unknown god.
   211 | D:1      | Reached XP level 2. HP: 23/27 MP: 1/1
   329 | D:1      | Found Wavomp's Antique Armour Boutique.
   938 | D:2      | Reached XP level 3. HP: 33/33 MP: 2/2
  1566 | D:2      | Found Cannec's General Store.
  1603 | D:1      | Bought a tower shield for 99 gold pieces
  1992 | D:3      | Reached XP level 4. HP: 38/40 MP: 3/3
  2020 | D:3      | Reached skill level 1 in Throwing
  2491 | D:3      | Reached XP level 5. HP: 40/46 MP: 4/4
  2591 | D:3      | Found a shimmering altar of Xom.
  2594 | D:3      | Found a white marble altar of Elyvilon.
  2613 | D:3      | Found a sparkling altar of Nemelex Xobeh.
  2619 | D:3      | Found an ancient bone altar of Kikubaaqudgha.
  3120 | D:3      | Reached skill level 5 in Armour
  3492 | D:4      | Noticed a phantom
  3510 | D:4      | Killed a phantom
  3511 | D:4      | Reached XP level 6. HP: 42/52 MP: 5/5
  3760 | D:4      | Reached skill level 5 in Shields
  4080 | D:4      | Noticed Sigmund
  4087 | D:4      | Killed Sigmund
  4088 | D:4      | Reached skill level 5 in Axes
  4088 | D:4      | Reached XP level 7. HP: 60/60 MP: 6/6
  5135 | D:5      | Entered Level 5 of the Dungeon
  5670 | D:5      | Reached XP level 8. HP: 51/67 MP: 7/7
  5978 | D:5      | Found a staircase to the Ecumenical Temple.
  5992 | D:5      | Reached skill level 5 in Fighting
  5995 | Temple   | Entered the Ecumenical Temple
  6083 | Temple   | Became a worshipper of the Shining One
  6688 | D:6      | Noticed a cyclops
  6720 | D:6      | Killed a cyclops
  7000 | D:6      | Reached XP level 9. HP: 74/74 MP: 8/8
  7571 | D:7      | Found a radiant altar of Vehumet.
  7952 | D:7      | Noticed Maggie
  7963 | D:7      | Paralysed by Maggie for 6 turns
  7970 | D:7      | Killed Maggie
  7971 | D:7      | Reached skill level 5 in Throwing
  8614 | D:8      | Reached * piety under the Shining One
  9101 | D:8      | Found a flagged portal.
  9107 | Bailey   | Entered a bailey
  9132 | Bailey   | Reached XP level 10. HP: 30/84 MP: 9/9
  9364 | Bailey   | Found an iron altar of Okawaru.
  9380 | Bailey   | Noticed a sixfirhy
  9382 | Bailey   | Noticed a sun demon
  9383 | Bailey   | Noticed a soul eater
  9386 | Bailey   | HP: 4/84 [sixfirhy[a kobold demonologist] (10)]
  9386 | Bailey   | The Shining One protects you from harm!
  9387 | Bailey   | Slain by a soul eater

Illustrated notes

Levels and vault maps discovered:
D:1:      wander_arrival_desolate, layout_basic,
          hellmonk_ecumenical_altar_dog_temple, serial_shops,
          nicolae_square_shop
D:2:      minmay_general_purpose_star, layout_loops_corners, serial_shops,
          nicolae_shop_waterfront, st_stairs_11
D:3:      layout_loops_cross, grunt_temple_overflow_cloverleaf, minivault_11
D:4:      cheibrodos_fertilizer, layout_gridville, portal_sewer_entry_b,
          uniq_sigmund
D:5:      layout_loops_ring, minmay_temple_entry_junction
D:6:      layout_basic
D:7:      layout_loops_ring, mainiacjoe_overflow_concentric_impassable,
          nicolae_ossuary_entry_monument, lemuel_flamethrower_2, uniq_maggie
D:8:      layout_loops_corners, enter_bailey_3
Temple:   nicolae_temple_elliptical
Bailey:   bailey_axe_of_yendor_kennysheep, bailey

Skill      XL: |  1  2  3  4  5  6  7  8  9 |
---------------+----------------------------+-----
Armour         | 4 5 6 7 8 9 |  9.9
Shields        | 4 5 6 7 8 |  8.0
Fighting       | 4 5 6 |  6.4
Axes           | 3 4 5 6 7 9 |  9.5
Throwing       | 1 2 3 4 5 |  5.6

Action                   |  1- 3 |  4- 6 |  7- 9 | 10-12 || total
-------------------------+-------+-------+-------+-------++-------
Melee: War axe           |   108 |   160 |   301 |    12 ||   581
       Headbutt          |    14 |    23 |    46 |       ||    83
  Use: Scroll            |       |     5 |    12 |     1 ||    18
       Potion            |       |     5 |     2 |     3 ||    10
Armor: Scale mail        |    13 |       |       |       ||    13
       Plate armour      |    74 |   134 |   213 |    17 ||   438
       Skin              |       |       |     1 |     2 ||     3
Dodge: Dodged            |    48 |    15 |    50 |     7 ||   120
Block: Buckler           |    22 |       |       |       ||    22
       Tower shield      |     9 |   138 |   257 |    17 ||   421

Table legend: (Time is in decaauts)
 A = Elapsed time spent in this place.
 B = Non-inter-level travel time spent in this place.
 C = Inter-level travel time spent in this place.
 D = Time resting spent in this place.
 E = Time spent auto-exploring this place.
 F = Levels seen in this place.
 G = Mean time per level.
                   A        B        C        D        E       F      G
               +--------+--------+--------+--------+--------+-----+--------+
         Total |   9692 |   9475 |    217 |   1053 |   5947 |  10 |  969.2 |
       Dungeon |   9295 |   9098 |    197 |    827 |   5947 |   8 | 1161.9 |
        Temple |    109 |     89 |     20 |      0 |      0 |   1 |  109.0 |
        Bailey |    287 |    287 |      0 |    225 |      0 |   1 |  287.0 |
               +--------+--------+--------+--------+--------+-----+--------+

Top non-repeatable levels by time:
     D:4: 2112 daAuts
     D:6: 1387 daAuts
     D:3: 1249 daAuts
     D:7: 1106 daAuts
     D:1: 984 daAuts
     D:5: 973 daAuts
     D:2: 964 daAuts
     D:8: 517 daAuts
  Bailey: 287 daAuts
  Temple: 109 daAuts
